 Dungeon Crawl Stone Soup version 0.29-a0-459-g97dee8cd24 (webtiles) character file.

Game seed: 2973760589323929344

284 holysushi the Cutter (level 6, -1/39 HPs)
             Began as an Octopode Artificer on May 20, 2022.
             Slain by an ufetubus (5 damage)
             ... summoned by Eustachio
             ... on level 4 of the Dungeon.
             The game lasted 00:04:26 (3970 turns).

holysushi the Cutter (Octopode Artificer)           Turns: 3970, Time: 00:04:27

Health: -1/39      AC:  1    Str: 12    XL:     6   Next: 29%
Magic:  15/15      EV: 13    Int: 13    God:
Gold:   66         SH:  0    Dex: 14    Spells: 5/5 levels left

rFire   . . .      SeeInvis .   o - +3 short sword
rCold   . . .      Faith    .   (no shield)
rNeg    . . .      Spirit   .   (helmet restricted)
rPois   .          Reflect  .   (no amulet)
rElec   .          Harm     .   i - ring of magical power
rCorr   .          Rampage  .   (no ring)
Will    .....                   (no ring)
Stlth   +++.......              (no ring)
HPRegen 0.13/turn               (no ring)
MPRegen 0.14/turn               (no ring)
                                (no ring)
                                (no ring)

@: no status effects
A: almost no armour, amphibious, 8 rings, camouflage 1, gelatinous body 1,
(nimble swimmer 1), tentacles
a: no special abilities


You were on level 4 of the Dungeon.
You visited 1 branch of the dungeon, and saw 4 of its levels.

You collected 66 gold pieces.

Inventory:

Hand Weapons
 a - a +0 dagger
 o - a +3 short sword (weapon)
Jewellery
 i - a ring of magical power (left tentacle)
 s - a ring of ice
Wands
 b - a wand of flame (7) (quivered)
 c - a wand of charming (15)
 d - a wand of iceblast (9)
Scrolls
 h - 3 scrolls of fog
 m - a scroll of vulnerability {unknown}
 n - 3 scrolls of teleportation {unknown}
 q - 4 scrolls of identify {unknown}
 r - 4 scrolls of amnesia {unknown}
 t - a scroll of immolation {unknown}
Potions
 e - a potion of attraction {unknown}
 f - a potion of haste {unknown}
 g - a potion of brilliance {unknown}
 j - 2 potions of curing {unknown}
 k - a potion of heal wounds
 l - 2 potions of cancellation {unknown}
 p - a potion of berserk rage {unknown}
 u - a potion of flight {unknown}


   Skills:
 - Level 2.0 Fighting
 + Level 5.7 Short Blades
 + Level 2.3 Dodging
 + Level 1.3 Stealth
 - Level 3.2 Evocations


You had 5 spell levels left.
You didn't know any spells.
Your spell library was empty.

Dungeon Overview and Level Annotations

Branches:
Dungeon (4/15)
 Temple: D:4-7

Altars:
The Shining One

Annotations:
D:4 Eustachio


Innate Abilities, Weirdness & Mutations

You cannot wear most types of armour.
You are amphibious.
You can wear up to eight rings at the same time.
Your skin changes colour to match your surroundings (Stealth+).
Your rubbery body absorbs attacks. (AC +1, EV +1)
((You are camouflaged when in or above water. (Stealth+)))
You have tentacles for arms and can constrict up to eight enemies at once.


Message History

Eustachio hits you with a +0 rapier.
* * * LOW HITPOINT WARNING * * *
The white imp hits you.
* * * LOW HITPOINT WARNING * * *
The white imp freezes you.
* * * LOW HITPOINT WARNING * * *
Unknown command.
Okay, then.
Unknown command.
It was a potion of heal wounds.
You feel much better.
You constrict Eustachio.
Eustachio mumbles some strange words.
Eustachio struggles to blink free from constriction.
The white imp hits you. The white imp freezes you.
You feel much better.
You constrict Eustachio. Eustachio hits you with a +0 rapier!
The white imp lashes its tail.
The white imp gestures at you. The puff of frost hits you!
Unknown command.
You release your grip on Eustachio.
Eustachio gestures wildly while chanting.
The white imp gestures at you. The puff of frost misses you.
Unknown command.
The white imp disappears in a puff of smoke!
Eustachio gestures wildly while chanting.
Eustachio blinks!
The ufetubus closely misses you. The ufetubus barely misses you.
The ufetubus completely misses you. The ufetubus misses you.
The ufetubus misses you. The ufetubus barely misses you. The ufetubus hits you.
* * * LOW HITPOINT WARNING * * *
The ufetubus completely misses you. The ufetubus hits you.
* * * LOW HITPOINT WARNING * * *
The ufetubus hits you.
* * * LOW HITPOINT WARNING * * *
There is a stone staircase leading up, spattered with blood here.
The ufetubus misses you. The ufetubus hits you.
You die...

#.......####..(##.).#.....
###.....##....###...#.....
#.#...##...#............
######.....##..#......#.
###....###..##.....#
#...@#..#....#.....
#...###.###.#.....##
##.......##.....#.#
##.....@5#....##.
#........5.........
############.......
.....## .#....# ###..##
###


You could see 2 ufetubi.

Vanquished Creatures
  Sigmund (D:2)
  4 adders
  A worm (D:2)
  5 dart slugs
  6 orcs (D:3)
  5 endoplasms
  8 hobgoblins
  7 kobolds
  2 quokkas (D:1)
  14 ball pythons
  5 bats
  6 frilled lizards
  5 goblins
  5 rats
74 creatures vanquished.

Notes
Turn   | Place    | Note
-------+----------+-------------------------------------------
     0 | D:1      | holysushi the Octopode Artificer began the quest for the
                  | Orb.
     0 | D:1      | Reached XP level 1. HP: 13/13 MP: 1/1
   493 | D:1      | Reached XP level 2. HP: 18/19 MP: 2/2
   709 | D:1      | Reached skill level 1 in Short Blades
  1082 | D:1      | Reached XP level 3. HP: 20/24 MP: 3/3
  1214 | D:1      | Reached skill level 2 in Short Blades
  1459 | D:1      | Found a faded altar of an unknown god.
  2159 | D:2      | Reached XP level 4. HP: 29/29 MP: 4/4
  2163 | D:2      | Reached skill level 3 in Short Blades
  2241 | D:2      | Noticed Sigmund
  2248 | D:2      | Killed Sigmund
  2249 | D:2      | Reached skill level 5 in Short Blades
  2249 | D:2      | Reached XP level 5. HP: 34/34 MP: 5/5
  2402 | D:2      | Reached XP level 6. HP: 39/39 MP: 6/6
  3582 | D:3      | Found a glowing golden altar of the Shining One.
  3700 | D:4      | Noticed Eustachio
  3957 | D:4      | HP: 1/39 [white imp[Eustachio] (4)]
  3970 | D:4      | Slain by an ufetubus

Illustrated notes

Levels and vault maps discovered:
D:1:      mrwooster_arrival_statue, layout_loops_ring,
          hellmonk_ecumenical_altar_leap_of_faith
D:2:      layout_loops_ring, feat_on_display, uniq_sigmund
D:3:      layout_loops_ring, lemuel_tele_altar, grunt_ministairs_4
D:4:      layout_cave_pools, kennysheep_generic_room_7, uniq_eustachio

Skill      XL: |  1  2  3  4 |
---------------+-------------+-----
Fighting       | 2 |  2.0
Short Blades   | 1 2 5 |  5.7
Dodging        | |  2.3
Stealth        | |  1.3
Evocations     | |  3.2

Action                   |  1- 3 |  4- 6 || total
-------------------------+-------+-------++-------
Melee: Unarmed           |     7 |       ||     7
       Dagger            |    70 |       ||    70
       Constrict         |    18 |    19 ||    37
       Tentacles         |    15 |    12 ||    27
       Punch             |     1 |     1 ||     2
       Short sword       |     5 |    64 ||    69
Evoke: Wand              |     2 |     6 ||     8
  Use: Potion            |       |     2 ||     2
       Scroll            |       |     1 ||     1
 Stab: Sleeping          |     9 |     5 ||    14
       Distracted        |     1 |       ||     1
Armor: Skin              |     7 |     3 ||    10
Dodge: Dodged            |    49 |    41 ||    90

Table legend: (Time is in decaauts)
 A = Elapsed time spent in this place.
 B = Non-inter-level travel time spent in this place.
 C = Inter-level travel time spent in this place.
 D = Time resting spent in this place.
 E = Time spent auto-exploring this place.
 F = Levels seen in this place.
 G = Mean time per level.
                   A        B        C        D        E       F      G
               +--------+--------+--------+--------+--------+-----+--------+
         Total |   3952 |   3780 |    172 |   1101 |   2032 |   4 |  988.0 |
       Dungeon |   3952 |   3780 |    172 |   1101 |   2032 |   4 |  988.0 |
               +--------+--------+--------+--------+--------+-----+--------+

Top non-repeatable levels by time:
     D:1: 1543 daAuts
     D:2: 1265 daAuts
     D:3: 1043 daAuts
     D:4: 99 daAuts
